 Dungeon Crawl Stone Soup version 0.31-a0-600-g62dffe198b (webtiles) character file.

Game seed: 10652588103671362060

938 AdnanSaban the Cudgeller (level 8, 0/49 HPs)
             Began as a Gargoyle Fighter on Aug 21, 2023.
             Killed by divine providence
             ... invoked by an orc priest
              (8 damage)
             ... on level 5 of the Dungeon.
             The game lasted 00:03:45 (3448 turns).

AdnanSaban the Cudgeller (Gargoyle Fighter)         Turns: 3448, Time: 00:03:45

Health: 0/49       AC: 21    Str: 21    XL:     8   Next: 12%
Magic:  8/8        EV:  8    Int: 10    God:
Gold:   195        SH: 10    Dex:  9    Spells: 7/7 levels left

rFire   . . .        z - +2 whip (drain)
rCold   . . .        c - +0 buckler
rNeg    + . .        r - +0 chain mail
rPois   ∞            v - +0 helmet
rElec   +            (no cloak)
rCorr   .            (no gloves)
SInv    .            s - +0 pair of boots
Will    +....        i - amulet of reflection Stlth
                     e - +4 ring of protection
HPRegen 0.28/turn    l - ring of willpower
MPRegen 0.11/turn

%: reflection
@: no status effects
A: sickness immunity, AC +5, negative energy resistance 1, electricity
resistance, torment resistance 1, petrification resistance
a: no special abilities


You were on level 5 of the Dungeon.
You visited 1 branch of the dungeon, and saw 5 of its levels.

You collected 195 gold pieces.

Inventory:

Hand Weapons
 z - a +2 whip of draining (weapon)
Missiles
 a - 4 silver javelins
 q - 3 boomerangs
 t - 11 atropa-tipped darts
Armour
 c - a +0 buckler (worn)
 r - a +0 chain mail (worn)
 s - a +0 pair of boots (worn)
 v - a +0 helmet (worn)
Jewellery
 e - a +4 ring of protection (left hand)
 i - an amulet of reflection (around neck)
 l - a ring of willpower (right hand)
Wands
 u - a wand of polymorph (5)
Scrolls
 f - 4 scrolls of identify {unknown}
 h - a scroll of noise {unknown}
 j - 2 scrolls of amnesia {unknown}
 k - a scroll of teleportation {unknown}
 m - 2 scrolls of immolation {unknown}
 p - a scroll of fear {unknown}
 x - 3 scrolls of enchant armour {unknown}
 y - a scroll of vulnerability {unknown}
Potions
 b - a potion of cancellation {unknown}
 d - 3 potions of might
 g - a potion of lignification {unknown}
 n - 2 potions of invisibility {unknown}
 o - a potion of heal wounds {unknown}
 w - a potion of curing {unknown}


   Skills:
 + Level 5.0 Fighting
 + Level 6.2 Maces & Flails
 + Level 4.7 Armour
 + Level 1.5 Dodging
 + Level 0.2 Stealth
 + Level 5.8 Shields


You had 7 spell levels left.
You didn't know any spells.
Your spell library contained the following spells:

 Spells                   Type           Power      Damage    Failure   Level
 Magic Dart               Conj           0%         1d3       97%         1
 Blink                    Tloc           0%         N/A       99%         2
 Lesser Beckoning         Tloc           0%         N/A       99%         2
 Momentum Strike          Conj/Tloc      0%         3d8       99%         2
 Searing Ray              Conj           0%         2d4       99%         2
 Gell's Gravitas          Tloc           0%         N/A       100%        3
 Teleport Other           Tloc           0%         N/A       100%        3
 Fulminant Prism          Conj/Hex       0%         3d5       100%        4
 Manifold Assault         Tloc           0%         N/A       100%        4
 Petrify                  Tmut/Erth      0%         N/A       100%        4
 Irradiate                Conj/Tmut      0%         3d11      100%        5
 Dispersal                Tloc           0%         N/A       100%        6
 Disjunction              Tloc           0%         N/A       100%        8
 Sublimation of Blood     Necr           Unusable   N/A       N/A         2

Dungeon Overview and Level Annotations

Branches:
Dungeon (5/15)
 Temple: D:4-7

Altars:

Shops:
D:2 [

Annotations:
D:2 1 runed translucent door, Crazy Yiuf


Innate Abilities, Weirdness & Mutations

You are immune to sickness and miasma.
Your stone body is resilient. (AC +5)
You are immune to poison.
You resist negative energy. (rN+)
You are resistant to electric shocks. (rElec)
You are resistant to unholy torment.
You are immune to petrification.


Message History

You whack the orc priest! You drain the orc priest.
The orc priest is almost dead.
The bullfrog skeleton completely misses you.
The orc priest barely misses you. You block the orc priest's attack.
The phantom hits you but does no damage.
You barely miss the orc priest.
The orc priest is almost dead.
The bullfrog skeleton closely misses you.
You block the orc priest's attack.
An orc comes into view. It is wielding a +0 club.
You block the orc priest's attack.
The orc shouts!
You hit the orc priest but do no damage.
You drain the orc priest.
You kill the orc priest!
You hear a shout!
You block the phantom's attack.
The bullfrog skeleton hits you but does no damage.
The orc priest hits you but does no damage.
Your Fighting skill increases to level 5!
You block the orc's attack.
You block the bullfrog skeleton's attack.
The iguana hisses menacingly.
You block the orc priest's attack.
Things that are here:
a +0 hand axe; a +0 leather armour; an orc corpse You hit the orc priest but do no damage.
The bullfrog skeleton hits you but does no damage.
You block the orc's attack. You block the phantom's attack.
You closely miss the orc priest.
The bullfrog skeleton hits you but does no damage.
The orc priest hits you with a +0 trident!
* * * LOW HITPOINT WARNING * * *
The orc hits you but does no damage.
The phantom hits you but does no damage.
You block the bullfrog skeleton's attack.
You barely miss the orc priest.
The orc priest mumbles some strange prayers to Beogh against you.
Beogh smites you!
You die...

###.####.#####...
......##........# #.# ###.#.#
#.......#### #.# # #.#.#
#........# #.#+## # #.#.#
####.###.# #....## ### ###.#.#
#.# #)###.....###... .##.#.#
##.###)##............
..#.#.#######.lWZo...............
................@o.o....$....8o..
..#.#########...................#
.##.# ####.#................#
###.## #..........#.....###...
.....# #.####.....##...## ##.
.#...# # #.....###+## # .#...#
##.#......# .#...# #........#
.....# ###..8...##


You could see a phantom, an iguana, an orc priest, 2 orcs and a bullfrog
skeleton.

Vanquished Creatures
  A centaur (D:5)
  A phantom (D:5)
  2 scorpions
  A water moccasin zombie (D:5)
  A jelly (D:5)
  3 orc priests
  A bullfrog skeleton (D:5)
  2 hounds
  Terence (D:2)
  A sleepcap (D:4)
  Ijyb (D:2)
  Natasha (thrice) (D:2)
  2 hound zombies (D:5)
  A hound skeleton (D:5)
  Robin (D:3)
  A howler monkey zombie (D:5)
  9 adders
  An adder skeleton (D:5)
  4 dart slugs
  6 orcs
  8 bats
  6 endoplasms
  4 giant cockroaches
  12 goblins
  3 hobgoblins
  6 jackals
  3 quokkas
  4 ball pythons
  2 frilled lizards
  3 kobolds
  9 rats
103 creatures vanquished.

Vanquished Creatures (others)
  An ufetubus (D:4)
1 creature vanquished.

Grand Total: 104 creatures vanquished

Notes
Turn   | Place    | Note
-------+----------+-------------------------------------------
     0 | D:1      | AdnanSaban the Gargoyle Fighter began the quest for the
                  | Orb.
     0 | D:1      | Reached XP level 1. HP: 14/14 MP: 1/1
   243 | D:1      | Reached XP level 2. HP: 19/19 MP: 2/2
   616 | D:1      | Reached XP level 3. HP: 23/23 MP: 3/3
  1154 | D:2      | Noticed Natasha
  1155 | D:2      | Found Sashof's Armour Emporium.
  1164 | D:2      | Killed Natasha
  1165 | D:2      | Reached skill level 3 in Maces & Flails
  1165 | D:2      | Reached XP level 4. HP: 29/29 MP: 4/4
  1226 | D:2      | Noticed Terence
  1250 | D:2      | Killed Terence
  1251 | D:2      | Reached XP level 5. HP: 33/33 MP: 5/5
  1574 | D:2      | Noticed Natasha
  1587 | D:2      | Killed Natasha
  1676 | D:2      | Noticed Natasha
  1682 | D:2      | Killed Natasha
  1704 | D:2      | Found a runed translucent door.
  1705 | D:2      | Noticed Crazy Yiuf
  1786 | D:3      | Reached skill level 4 in Maces & Flails
  1824 | D:3      | Noticed Ijyb
  1834 | D:3      | Reached skill level 1 in Dodging
  1834 | D:3      | Reached XP level 6. HP: 31/38 MP: 6/6
  1874 | D:2      | Killed Ijyb
  2021 | D:3      | Noticed Robin
  2104 | D:3      | Killed Robin
  2333 | D:4      | Reached skill level 5 in Shields
  2433 | D:4      | Reached XP level 7. HP: 44/44 MP: 7/7
  2621 | D:4      | Reached skill level 5 in Maces & Flails
  2713 | D:4      | Noticed a steam dragon
  2733 | D:4      | HP: 1/44 [steam dragon/ball of steam (6)]
  2736 | D:5      | Entered Level 5 of the Dungeon
  3193 | D:5      | Reached skill level 6 in Maces & Flails
  3245 | D:5      | Reached XP level 8. HP: 29/48 MP: 8/8
  3445 | D:5      | Reached skill level 5 in Fighting
  3448 | D:5      | Killed from afar by an orc priest

Illustrated notes

Levels and vault maps discovered:
D:1:      dpeg_arrival_line_fractal, layout_basic, serial_park_tiny_1,
          minmay_misc_feat_alley, chequers_serial_rivers_micro_d,
          hangedman_decor_opposing
D:2:      layout_loops_ring, serial_shops, nicolae_shop_window_shopping,
          uniq_natasha, uniq_terence, uniq_crazy_yiuf_cottage
D:3:      layout_rooms, uniq_robin, uniq_ijyb
D:4:      layout_basic
D:5:      layout_loops_corners, serial_undead, serial_undead_c, serial_undead_f,
          serial_undead_d, serial_undead_f, serial_undead_d, serial_undead_d,
          uniq_prince_ribbit1

Skill      XL: |  1  2  3  4  5  6  7  8 |
---------------+-------------------------+-----
Maces & Flails | 3 4 6 |  6.2
Shields        | 4 5 |  5.8
Fighting       | 4 5 |  5.0
Dodging        | 1 |  1.5
Armour         | 4 |  4.7
Stealth        | |  0.2

Action                     |  1- 3 |  4- 6 |  7- 9 || total
---------------------------+-------+-------+-------++-------
  Melee: Flail             |   127 |   216 |   113 ||   456
         Whip              |       |       |    34 ||    34
 Armour: Scale mail        |    72 |       |       ||    72
         Chain mail        |     7 |   166 |    92 ||   265
  Dodge: Dodged            |    57 |   114 |    51 ||   222
  Block: Buckler           |    87 |   174 |   100 ||   361
         Reflection        |     1 |     2 |     2 ||     5

Table legend: (Time is in decaauts)
 A = Elapsed time spent in this place.
 B = Non-inter-level travel time spent in this place.
 C = Inter-level travel time spent in this place.
 D = Time resting spent in this place.
 E = Time spent auto-exploring this place.
 F = Levels seen in this place.
 G = Mean time per level.
                   A        B        C        D        E       F      G
               +--------+--------+--------+--------+--------+-----+--------+
         Total |   3553 |   3481 |     72 |    154 |   2320 |   5 |  710.6 |
       Dungeon |   3553 |   3481 |     72 |    154 |   2320 |   5 |  710.6 |
               +--------+--------+--------+--------+--------+-----+--------+

Top non-repeatable levels by time:
     D:2: 924 daAuts
     D:1: 904 daAuts
     D:5: 718 daAuts
     D:3: 581 daAuts
     D:4: 424 daAuts
